 Dungeon Crawl Stone Soup version 0.30.1-11-g7821555f0a (webtiles) character file.

Game seed: 9301674069714068137

1687 MrIGI the Cudgeller (level 8, -4/80 HPs)
             Began as a Troll Fighter on Dec 12, 2023.
             Was an Elder of Wu Jian.
             Slain by a hornet (8 damage)
             ... on level 6 of the Dungeon.
             The game lasted 00:21:17 (5456 turns).

MrIGI the Cudgeller (Troll Fighter)                 Turns: 5456, Time: 00:21:20

Health: -4/80      AC:  5    Str: 33    XL:     8   Next: 71%
Magic:  7/7        EV: 15    Int:  4    God:    Wu Jian [****..]
Gold:   301        SH:  8    Dex:  9    Spells: 7/7 levels left

rFire   . . .        R - +0 morningstar
rCold   . . .        c - +0 kite shield
rNeg    . . .        p - +0 animal skin
rPois   .            (helmet restricted)
rElec   .            h - +0 cloak
rCorr   .            (gloves unavailable)
SInv    .            (boots unavailable)
Will    .....        K - amulet of the acrobat
Stlth   +            o - +5 ring of evasion
HPRegen 1.13/turn    L - +6 ring of strength
MPRegen 0.10/turn

%: acrobat
@: slowed, very slow
A: large, unfitting armour, claws 3, regeneration 1, shaggy fur 1, tough skin 1
a: Renounce Religion, Wall Jump, Serpent's Lash


You were on level 6 of the Dungeon.
You worshipped Wu Jian.
Wu Jian was greatly pleased with you.
You visited 1 branch of the dungeon, and saw 6 of its levels.
You also visited: Sewer.

You collected 301 gold pieces.

Inventory:

Hand Weapons
 a - a +0 flail
 y - a +4 quarterstaff of chaos
 B - the +0 hammer of Defiance {venom, rPois MP+9 Int-2 Stlth+}
   (You found it on level 3 of the Dungeon)

   Int:       It affects your intelligence (-2).
   rPois:     It protects you from poison.
   MP:        It affects your magic capacity (+9).
   Stlth:     It makes you more stealthy.
 D - a +0 whip of venom
 E - a +1 whip of pain
 G - a +0 halberd
 I - a +2 short sword of venom
 P - a +0 giant club
 R - a +0 morningstar (weapon)
 S - a +0 great mace
Missiles
 t - 19 poisoned darts (quivered)
 F - a throwing net
Armour
 b - a +0 robe
 c - a +0 kite shield (worn)
 h - a +0 cloak (worn)
 p - a +0 animal skin (worn)
 q - a +0 helmet
Jewellery
 n - a ring of positive energy
 o - a +5 ring of evasion (left claw)
 K - an amulet of the acrobat (around neck)
 L - a +6 ring of strength (right claw)
Wands
 Q - a wand of iceblast (6)
Scrolls
 f - 2 scrolls of enchant armour
 g - 5 scrolls of identify
 i - 2 scrolls of magic mapping {unknown}
 k - 2 scrolls of fog
 l - 2 scrolls of butterflies {unknown}
 r - 3 scrolls of fear
 s - a scroll of blinking {unknown}
 w - a scroll of acquirement {unknown}
 x - a scroll of noise {unknown}
 J - 4 scrolls of teleportation {unknown}
 O - 4 scrolls of enchant weapon {unknown}
Potions
 d - 2 potions of might
 e - a potion of brilliance {unknown}
 j - 2 potions of berserk rage {unknown}
 m - a potion of haste {unknown}
 u - 3 potions of magic
 v - a potion of resistance
 z - 2 potions of flight {unknown}
 A - 7 potions of curing
 C - a potion of mutation {unknown}
 H - a potion of attraction {unknown}
 M - 2 potions of degeneration {unknown}
 N - a potion of heal wounds {unknown}


   Skills:
 * Level 5.0 Fighting
 + Level 6.2 Maces & Flails
 * Level 1.2 Throwing
 + Level 5.0 Dodging
 - Level 0.1 Stealth
 + Level 4.9 Shields


You had 7 spell levels left.
You didn't know any spells.
Your spell library contained the following spells:

 Spells                   Type           Power      Damage    Failure   Level
 Freeze                   Ice            0%         1d3       69%         1
 Necrotise                Necr           0%         1d4       69%         1
 Sandblast                Erth           0%         2d4       69%         1
 Passwall                 Tmut/Erth      0%         N/A       83%         2
 Dazzling Flash           Conj/Hex       0%         N/A       96%         3
 Frozen Ramparts          Ice            0%         1d1       96%         3
 Hailstorm                Conj/Ice       0%         3d3       96%         3
 Stone Arrow              Conj/Erth      0%         3d7       96%         3
 Vampiric Draining        Necr           0%         2d6       96%         3
 Volatile Blastmotes      Fire/Tloc      0%         2d10      96%         3
 Iskenderun's Mystic Bla  Conj/Tloc      0%         2d3       100%        4
 Agony                    Necr           0%         N/A       100%        5
 Starburst                Conj/Fire      0%         6d3       100%        6


Dungeon Overview and Level Annotations

Branches:
Dungeon (6/15)             Temple (0/1) D:5           Sewer (visited)

Altars:
Fedhas
Hepliaklqana
Wu Jian


Innate Abilities, Weirdness & Mutations

You are too large for most types of armour.
You have claws for hands.
Your natural rate of healing is unusually fast.
You are covered in fur. (AC +1)
You have tough skin. (AC +1)


Message History

You feel as though you will be slow longer.
The hornet misses you.
You miss the hornet.
The hornet is heavily wounded.
You feel very sick.
The hornet stings you but does no damage.
You block the hornet's attack. The hornet closely misses you.
You barely miss the hornet.
The hornet is heavily wounded.
You feel very sick. The hornet barely misses you.
The hornet stings you but does no damage.
The hornet closely misses you.
You closely miss the hornet.
The hornet is heavily wounded.
You feel very sick. You block the hornet's attack.
The hornet barely misses you. The hornet stings you.
You feel as though you will be slow longer.
You miss the hornet.
The hornet is heavily wounded.
You feel sick. The hornet stings you.
You suddenly lose the ability to move!
The hornet stings you!
You are more poisoned.
You feel as though you will be slow longer.
The hornet stings you but does no damage.
You feel very sick. The hornet stings you!
* * * LOW HITPOINT WARNING * * *
You are more poisoned.
You feel as though you will be slow longer.
You can move again.
You feel better. The hornet stings you.
* * * LOW HITPOINT WARNING * * *
You feel as though you will be slow longer.
The hornet stings you!
* * * LOW HITPOINT WARNING * * *
You feel as though you will be slow longer.
The hornet stings you!
You die...

......#.# #.#.#
#......#....#.#.#
#####.#.###.#.#
#####.......#.### #
#†#.#...#[# #.#####.#.#
# #.#.#.###.# #.# #.#.#
#####.#.#.# #.# #.#
#.#.# ......#.#.###.#
#.# #.#.#
.######.......# #.# .#.#
.#......#.###########.#
#.#
.#.....<........@y...(#
#.#
########.#..............
#.###
.........#.#############
#.... ##########.# #####
######.# #......#
#####.###### ......#
#####.#


You could see a hornet.

Vanquished Creatures
  A wyvern (D:6)
  A water moccasin (D:6)
  A sky beast (D:5)
  An ogre (D:4)
  A phantom (D:4)
  4 kobold brigands
  Blork the orc (D:4)
  2 scorpions
  A howler monkey (D:6)
  A jelly (D:6)
  Crazy Yiuf (D:3)
  3 hounds (D:6)
  5 iguanas
  Natasha (twice) (D:2)
  2 orc wizards (D:4)
  Robin (D:2)
  11 gnolls
  8 adders
  A river rat (Sewer)
  A shadow imp (D:6)
  A white imp (D:5)
  An ufetubus (D:5)
  3 worms
  A dart slug (D:4)
  12 orcs
  3 endoplasms
  13 goblins
  8 hobgoblins
  3 jackals (D:1)
  19 kobolds
  2 quokkas
  7 ball pythons
  7 bats
  2 frilled lizards (D:2)
  7 rats
138 creatures vanquished.

Notes
Turn   | Place    | Note
-------+----------+-------------------------------------------
     0 | D:1      | MrIGI the Troll Fighter began the quest for the Orb.
     0 | D:1      | Reached XP level 1. HP: 22/22 MP: 0/0
   263 | D:1      | Reached XP level 2. HP: 29/29 MP: 1/1
   341 | D:1      | Found a faded altar of an unknown god.
   482 | D:1      | Prayed at the altar of an unknown god.
   482 | D:1      | Became a worshipper of the Wu Jian Council
   482 | D:1      | Reached * piety under Wu Jian
   551 | D:1      | Reached skill level 2 in Maces & Flails
   825 | D:1      | You fall into a shaft and drop 1 floor!
  1018 | D:2      | Reached XP level 3. HP: 36/36 MP: 2/2
  1020 | D:2      | Noticed Robin
  1039 | D:2      | Killed Robin
  1119 | D:2      | Noticed Natasha
  1153 | D:3      | Found a glowing drain.
  1171 | Sewer    | Entered a sewer
  1213 | Sewer    | Reached XP level 4. HP: 44/44 MP: 3/3
  1241 | Sewer    | Reached ** piety under Wu Jian
  1311 | Sewer    | Noticed a kobold brigand
  1311 | Sewer    | Noticed a kobold brigand
  1345 | Sewer    | Killed a kobold brigand
  1346 | Sewer    | Reached skill level 3 in Maces & Flails
  1346 | Sewer    | Reached XP level 5. HP: 44/53 MP: 4/4
  1446 | Sewer    | Reached XP level 6. HP: 40/61 MP: 5/5
  2163 | D:2      | Killed Natasha
  2181 | D:2      | Noticed Natasha
  2186 | D:2      | Killed Natasha
  2372 | D:3      | Found a runed translucent door.
  2373 | D:3      | Noticed Crazy Yiuf
  2384 | D:3      | Killed Crazy Yiuf
  2385 | D:3      | Reached skill level 4 in Maces & Flails
  2389 | D:3      | Identified the +0 hammer of Defiance {venom, rPois MP+9
                  | Int-2 Stlth+}
  2542 | D:3      | Found a blossoming altar of Fedhas.
  3039 | D:4      | Reached *** piety under Wu Jian
  3080 | D:4      | Reached XP level 7. HP: 68/68 MP: 6/6
  3307 | D:4      | Noticed Blork the orc
  3317 | D:4      | Killed Blork the orc
  3552 | D:4      | Reached skill level 5 in Maces & Flails
  3799 | D:4      | Found a hazy altar of Hepliaklqana.
  3984 | D:5      | Entered Level 5 of the Dungeon
  3984 | D:5      | Found a staircase to the Ecumenical Temple.
  4321 | D:4      | Reached XP level 8. HP: 68/79 MP: 7/7
  4833 | D:6      | Reached **** piety under Wu Jian
  4971 | D:6      | Reached skill level 6 in Maces & Flails
  5005 | D:6      | Reached skill level 1 in Throwing
  5005 | D:6      | Reached skill level 5 in Dodging
  5258 | D:6      | Reached skill level 5 in Fighting
  5444 | D:6      | Noticed a hornet
  5454 | D:6      | Paralysed by a hornet for 3 turns
  5456 | D:6      | HP: 4/80 [hornet (15)]
  5456 | D:6      | Slain by a hornet

Illustrated notes

Levels and vault maps discovered:
D:1:      nzn_arrival_depleted_hourglass, layout_loops_ring,
          shapermc_ecumenical_altar_petra
D:2:      layout_basic, minivault_25, uniq_natasha, uniq_robin
D:3:      corexii_shack_village, layout_basic, fedhas_altar_3,
          portal_sewer_entry_d, uniq_crazy_yiuf_cottage
D:4:      layout_basic, overflow_temple_1_default, uniq_blork_the_orc
D:5:      layout_cave_pools, minmay_temple_entry_butterflies
D:6:      layout_basic

Skill      XL: |  1  2  3  4  5  6  7  8 |
---------------+-------------------------+-----
Maces & Flails | 2 3 4 5 6 |  6.2
Shields        | 3 4 |  4.9
Dodging        | 3 4 5 |  5.0
Fighting       | 3 4 5 |  5.0
Throwing       | 1 |  1.2
Stealth        | |  0.1

Action                     |  1- 3 |  4- 6 |  7- 9 || total
---------------------------+-------+-------+-------++-------
  Melee: Flail             |   131 |   223 |   232 ||   586
         Morningstar       |       |       |    17 ||    17
  Throw: Dart              |       |     2 |    12 ||    14
Ability: Lunge             |     7 |     9 |     7 ||    23
         Whirlwind         |       |     5 |     6 ||    11
    Use: Scroll            |       |     1 |     5 ||     6
         Potion            |       |       |     1 ||     1
   Stab: Sleeping          |       |       |     1 ||     1
 Armour: Robe              |    51 |       |       ||    51
         Animal skin       |     2 |    27 |    47 ||    76
  Dodge: Dodged            |    64 |   119 |   157 ||   340
  Block: Kite shield       |    49 |    76 |    90 ||   215
